 Dungeon Crawl Stone Soup version 0.31-a0-836-g3ceb0a68c4 (webtiles) character file.

Game seed: 16842336804508967220

37 demibob the Ruffian (level 3, -4/31 HPs)
             Began as a Draconian Chaos Knight on Sept 27, 2023.
             Was a Plaything of Xom.
             Slain by Sigmund
             ... wielding a +0 scythe
              (10 damage)
             ... on level 2 of the Dungeon.
             The game lasted 00:02:51 (1445 turns).

demibob the Ruffian (Draconian Chaos Knight)        Turns: 1445, Time: 00:02:52

Health: -4/31      AC:  5    Str: 14    XL:     3   Next: 21%
Magic:  3/3        EV: 12    Int: 12    God:    Xom [....*.]
Gold:   994        SH:  0    Dex: 12    Spells: 2/2 levels left

rFire   + .          .
                       - Unarmed
rCold   . . .        (no shield)
rNeg    . . .        (body armour unavailable)
rPois   .            (helmet restricted)
rElec   .            (no cloak)
rCorr   .            (no gloves)
SInv    .            (no boots)
Will    .....        (no amulet)
Stlth   +            F - ring of protection from fire
HPRegen 0.25/turn    (no ring)
MPRegen 0.08/turn

%: no passive effects
@: confused
A: AC +5, unfitting armour, cold-blooded
a: Renounce Religion


You were on level 2 of the Dungeon.
You worshipped Xom.
You were a beloved toy of Xom.
You visited 1 branch of the dungeon, and saw 2 of its levels.

You collected 1044 gold pieces.
You spent 50 gold pieces at shops.


Innate Abilities, Weirdness & Mutations

Your plain brown scales are hard. (AC +5)
You cannot fit into any form of body armour.
You are cold-blooded and may be slowed by cold attacks.


   Skills:
 - Level 3.2 Fighting
 - Level 2.1 Dodging
 + Level 4.3 Unarmed Combat


You had 2 spell levels left.
You didn't know any spells.
Your spell library contained the following spells:

 Spells                   Type           Power      Damage    Failure   Level
 Summon Guardian Golem    Hex/Summ       0%         N/A       69%         3
 Iskenderun's Battlesphe  Conj           0%         2d6       100%        5
 Bombard                  Conj/Erth      0%         9d1       100%        6
 Orb of Destruction       Conj           0%         9d5       100%        7
 Spellforged Servitor     Conj/Summ      0%         N/A       100%        7

Inventory:

Magical Staves
 d - a staff of poison {!a}
Jewellery
 F - a ring of protection from fire (left hand)
Scrolls
 a - a scroll of butterflies
 e - a scroll of identify {@r1}

Dungeon Overview and Level Annotations

Branches:
Dungeon (2/15)

Altars:

Shops:
D:1 *

Annotations:
D:2 Sigmund

... ... #.# ###. #..
..!. #.# ..... #S#
..... #r# .......
#{# ......##@#####
.............#
......#......# ###.#
#......#
#.###......####
#.####.†.†..........
#........)......###
######.##....####
#....###.###


You could see an adder and a rat.


Message History

Something tries to affect you, but you resist.
You miss something.
You feel less confused.
You closely miss something. Something hits you.
Unknown command.
You miss something. Something hits you.
* * * LOW HITPOINT WARNING * * *
You closely miss something. You closely miss something. Something hits you.
* * * LOW HITPOINT WARNING * * *
You punch something! You hit something. Something hits you but does no damage.
You hit something. You tail-slap something.
An adder comes into view.
Something hits you but does no damage.
The adder hisses angrily.
You hit something but do no damage. You completely miss something.
Something hits you but does no damage.
You closely miss something. You miss something. Something hits you.
* * * LOW HITPOINT WARNING * * *
You miss something. Something hits you.
* * * LOW HITPOINT WARNING * * *
You punch something! You barely miss something.
You hear some strange, mumbled words.
You are confused.
You hit something but do no damage. Something hits you!
You die...
Xom thinks this is hilarious!

Skill      XL: |  1  2 |
---------------+-------+-----
Unarmed Combat | 4 |  4.3
Fighting       | |  3.2
Dodging        | |  2.1

Action                     || total
---------------------------++-------
  Melee: Unarmed           ||   120
         Tailslap          ||    12
         Punch             ||     1
    Use: Scroll            ||     5
         Potion            ||     1
   Stab: Sleeping          ||     2
 Armour: Skin              ||    86
  Dodge: Dodged            ||    67

Levels and vault maps discovered:
D:1:      giann_bridges, layout_basic, serial_shops, shop,
          minmay_rat_gold_closets
D:2:      layout_basic, uniq_terence, uniq_natasha, uniq_sigmund

Notes
Turn   | Place    | Note
-------+----------+-------------------------------------------
     0 | D:1      | demibob the Draconian Chaos Knight began the quest for the
                  | Orb.
     0 | D:1      | Reached XP level 1. HP: 19/19 MP: 1/1
   154 | D:1      | XOM: confusion (+ monsters)
   165 | D:1      | HP: 1/19 [ball python (1)]
   168 | D:1      | Reached XP level 2. HP: 2/26 MP: 2/2
   188 | D:1      | Found Peblaus's Assorted Antiques.
   188 | D:1      | XOM: 1-stop teleportation journey
   254 | D:1      | XOM: 3-stop teleportation journey
   410 | D:1      | Reached skill level 4 in Unarmed Combat
   459 | D:1      | Bought a scroll labelled JIKHON DANAMIG for 25 gold pieces
   459 | D:1      | Bought a scroll labelled QIPTECS YGEUXT for 25 gold pieces
   539 | D:1      | Reached XP level 3. HP: 31/31 MP: 3/3
   704 | D:1      | XOM: divination: detect creatures
   780 | D:1      | XOM: god gift: 59 gold pieces
   810 | D:1      | Identified a scroll of acquirement
   810 | D:1      | Acquired 808 gold pieces
   811 | D:1      | XOM: god gift: 37 gold pieces
   996 | D:2      | Noticed Sigmund
   996 | D:2      | XOM: confuse monster(s)
  1445 | D:2      | Slain by Sigmund

Vanquished Creatures
  3 dart slugs (D:1)
  2 bats
  3 endoplasms
  A goblin (D:2)
  2 hobgoblins
  4 jackals (D:1)
  5 ball pythons
  A frilled lizard (D:1)
  2 kobolds (D:1)
  9 rats
32 creatures vanquished.

Table legend: (Time is in decaauts)
 A = Elapsed time spent in this place.
 B = Non-inter-level travel time spent in this place.
 C = Inter-level travel time spent in this place.
 D = Time resting spent in this place.
 E = Time spent auto-exploring this place.
 F = Levels seen in this place.
 G = Mean time per level.
                   A        B        C        D        E       F      G
               +--------+--------+--------+--------+--------+-----+--------+
         Total |   1441 |   1394 |     47 |    432 |    696 |   2 |  720.5 |
       Dungeon |   1441 |   1394 |     47 |    432 |    696 |   2 |  720.5 |
               +--------+--------+--------+--------+--------+-----+--------+

Top non-repeatable levels by time:
     D:1: 961 daAuts
     D:2: 480 daAuts

Table legend:
 A = Non-vault XP
 B = Vault XP
 C = Vault XP percentage of total XP
 D = Non-vault monster count
 E = Vault monster count
 F = Vault count percentage of total count
                 A         B        C        D         E       F
            +---------+---------+-------+---------+---------+-------
      Total |      45 |       8 |  15.1 |      24 |       8 |  25.0
            +---------+---------+-------+---------+---------+-------
        D:1 |      35 |       8 |  18.6 |      18 |       8 |  30.8
        D:2 |      10 |       0 |   0.0 |       6 |       0 |   0.0
            +---------+---------+-------+---------+---------+-------
